 Dungeon Crawl Stone Soup version 0.19.0-24-gb05acd6 (webtiles) character file.

58345 GordonOverkill the Severer (level 15, -7/127 HPs)
             Began as a Formicid Fighter on Nov 20, 2016.
             Was a High Priest of Okawaru.
             Mangled by a 14-headed hydra (11 damage)
             ... on level 6 of the Lair of Beasts.
             The game lasted 00:55:43 (22917 turns).

GordonOverkill the Severer (Formicid Fighter)      Turns: 22917, Time: 00:55:44

Health: -7/127     AC: 16    Str: 32    XL:     15   Next: 29%
Magic:  21/22      EV:  7    Int:  8    God:    Okawaru [*****.]
Gold:   1808       SH: 33    Dex: 11    Spells: 2 memorised, 9 levels left

rFire  . . .     SeeInvis +     z - +6 war axe (venom)
rCold  + + .     Gourm    .     i - +2 plate armour {rC+}
rNeg   . . .     Faith    .     y - +8 large shield of Defiance {rElec MR- Str+4}
rPois  .         Spirit   .     (helmet unavailable)
rElec  +         Reflect  +     (no cloak)
rCorr  .         Harm     .     (no gloves)
MR     .....                    L - +2 pair of boots {Fly}
Stlth  ..........               j - +4 amulet of reflection
                                V - +4 ring of strength
                                k - +3 ring of slaying

@: finesse, flying
A: permanent stasis, dig shafts and tunnels, four strong arms, antennae 3, cold
resistance 1, deterioration 1, dopey 1
a: Dig, Shaft Self, Heroism, Finesse, Renounce Religion, Stop Flying


You were on level 6 of the Lair of Beasts.
You worshipped Okawaru.
Okawaru was extremely pleased with you.
You were not hungry.

You visited 4 branches of the dungeon, and saw 21 of its levels.
You also visited: Labyrinth and Bailey.

You collected 2396 gold pieces.
You spent 588 gold pieces at shops.

Inventory:

Hand Weapons
 z - a +6 war axe of venom (weapon)
 D - a +1 battleaxe
Armour
 i - a +2 plate armour of cold resistance (worn)
 y - the +8 large shield of Defiance (worn) {rElec MR- Str+4}
   (You bought it in a shop on level 2 of the Orcish Mines)

   It affects your strength (+4).
   It insulates you from electricity.
   It affects your resistance to hostile enchantments.
 L - a +2 pair of boots of flying (worn)
 Z - the +1 large shield "Luneqihe" {rF+ rN+ Int-4}
   (Okawaru gifted it to you in a labyrinth)

   It affects your intelligence (-4).
   It protects you from fire.
   It protects you from negative energy.
Jewellery
 j - a +4 amulet of reflection (around neck)
 k - a +3 ring of slaying (left hand)
 V - a +4 ring of strength (right hand)
Wands
 d - a wand of heal wounds (5/9)
 l - a wand of flame (21/48)
 m - a wand of acid (7/15)
 q - a wand of flame (9/48)
 v - a wand of acid (5/15)
 M - a wand of flame (14/48)
 R - a wand of flame (27/48)
 U - a wand of acid (8/15)
 W - a wand of lightning (6/15)
Scrolls
 a - 2 scrolls of silence
 h - a scroll of fog
 p - 3 scrolls of recharging
 r - 9 scrolls of remove curse
 C - 3 scrolls of enchant armour
 N - 2 scrolls of magic mapping
 P - a scroll of fear
 T - 3 scrolls of enchant weapon
Potions
 b - a potion of invisibility
 c - a potion of resistance
 e - 5 potions of curing
 n - a potion of heal wounds
 o - a potion of cancellation
 u - 5 potions of lignification
 w - 3 potions of magic
 E - a potion of agility
 Q - a potion of cure mutation
Comestibles
 f - 13 bread rations
 g - 4 chunks of flesh
 s - a beef jerky
 A - 9 meat rations
 H - 3 royal jellies


   Skills:
 + Level 14.9 Fighting
 - Level 16.0 Axes
 - Level 3.2 Armour
 + Level 12.7 Shields
 - Level 10.0 Invocations
 - Level 5.0 Evocations


You had 9 spell levels left.
You knew the following spells:

 Your Spells              Type           Power        Failure   Level  Hunger
a - Repel Missiles        Chrm/Air       #.....       100%        2    ###....
b - Regeneration          Chrm/Necr      #.........   100%        3    ####...


Dungeon Overview and Level Annotations

Branches:
Dungeon (12/15)            Temple (1/1) D:4            Lair (6/6) D:9
 Shoals (0/4) Lair:2        Snake (0/4) Lair:3        Slime (0/5) Lair:5
    Orc (2/2) D:11            Elf (0/3) Orc:2

Altars:
Ashenzari
Cheibriados
Dithmenos
Elyvilon
Fedhas
Gozag
Hepliaklqana
Kikubaaqudgha
Makhleb
Nemelex Xobeh
Okawaru
Qazlal
Ru
Sif Muna
Trog
Uskayaw
Vehumet
Xom
Yredelemnul
Zin
The Shining One
Beogh
Jiyva

Shops:
Orc:1 %   Orc:2 =(*[


Innate Abilities, Weirdness & Mutations

You are under a permanent stasis effect.
You can dig through walls and to a lower floor.
Your four strong arms can wield two-handed weapons with a shield.
You have a pair of large antennae on your head. (SInv)
Your flesh is cold resistant. (rC+)
Your body sometimes deteriorates upon taking damage.
You are dopey. (Int -2)


Message History

The 14-headed hydra barely misses you.
The 14-headed hydra bites you but does no damage.
The 14-headed hydra bites you.
* * * LOW HITPOINT WARNING * * *
Unknown command.
The 14-headed hydra looks more healthy.
Unknown command.
You feel like a meek peon again.
You feel much better. The 14-headed hydra bites you!
* * * LOW HITPOINT WARNING * * *
You block the 14-headed hydra's attack. x3; The 14-headed hydra bites you!
* * * LOW HITPOINT WARNING * * *
The 14-headed hydra bites you but does no damage.
The 14-headed hydra completely misses you.
You block the 14-headed hydra's attack.
The 14-headed hydra bites you but does no damage.
You block the 14-headed hydra's attack. x2
The 14-headed hydra bites you but does no damage.
The 14-headed hydra bites you!
You die...

.....### ##÷≈≈≈≈≈≈≈≈≈≈≈≈≈##
..##.# #...≈≈≈P≈≈P≈≈≈P≈≈≈
#P#### ##..≈≈#≈≈≈#≈≈#≈≈≈##
### #....≈#≈≈≈#≈≈##≈≈##
##....≈.≈≈.≈.≈≈≈.≈. #
##.....≈.PP........ ##
####........#...k..... .##
#................##.#. #.#
##....@D........#.##### ..##
###..........P#...### #
..P######....P#.......P..#.#
...##.#P...####.#.....PP..##
..###....### ##........#..##
..##....## ##......#..#.##
.......## ##....P##....#
.......# #P......#....#
...#.### #.......#...####


You could see a 14-headed hydra.

Vanquished Creatures
  An orc warlord (Orc:2)
  The ghost of ExaltedOrb the Fencer, a journeyman DsMo of Okawaru (Lair:6)
  A stone giant (Orc:2)
  A minotaur (Lab)
  2 catoblepae (Lair:5)
  2 hydras
  2 orc high priests
  2 sea snakes (Lair:6)
  4 orc knights
  4 hill giants
  An ugly thing (D:8)
  5 orc sorcerers
  2 manticores (Lair:6)
  A cyclops (Orc:1)
  4 sirens (Lair:2)
  An elephant (Lair:5)
  3 black mambas
  10 spiny frogs
  A torpor snail (Lair:5)
  The ghost of GordonOverkill the Shield-Bearer, a novice FoFi (D:5)
  2 centaur skeletons (D:12)
  A rime drake (Lair:6)
  10 komodo dragons
  A queen bee (D:12)
  A merfolk (D:12)
  3 trolls
  2 hornets
  A minotaur skeleton (Lab)
  9 blink frogs
  5 hippogriffs
  2 wyverns
  61 yaks
  3 basilisks
  A hungry ghost (Lab)
  7 humans (D:7)
  2 wargs (Orc:2)
  2 nagas (Lair:3)
  A soldier ant (D:12)
  12 water moccasins
  A porcupine (Lair:1)
  A swamp drake (D:9)
  Purgy (D:4)
  31 orc warriors
  4 phantoms
  4 sky beasts
  4 black bears
  5 ice beasts
  3 wolves (Lair:6)
  2 necrophages
  16 ogres
  7 centaurs
  14 crocodiles
  8 big kobolds
  Blork the orc (Orc:2)
  21 bullfrogs
  11 gnoll sergeants
  A wyvern zombie (D:12)
  A wyvern skeleton (D:11)
  6 scorpions
  A water moccasin skeleton (D:5)
  21 killer bees
  5 wights (D:7)
  5 howler monkeys
  3 lava snakes (Lair:3)
  3 centaur zombies
  The ghost of Xight the Firebug, a weakling DEFE (D:3)
  4 crimson imps
  4 bullfrog zombies
  2 quasits
  14 hounds
  12 gnoll shamans
  22 orc priests
  3 bullfrog skeletons
  A jelly (D:7)
  30 orc wizards
  Jessica (D:3)
  Ijyb (D:7)
  7 iguanas
  17 worker ants
  A howler monkey zombie (D:7)
  A worker ant zombie (D:6)
  32 gnolls
  13 adders
  3 shadow imps
  An adder zombie (D:7)
  An adder skeleton (D:8)
  4 worms
  4 dart slugs
  6 leopard geckos
  69 orcs
  7 giant cockroaches
  8 goblins
  10 hobgoblins
  5 jackals
  18 kobolds
  5 quokkas
  A ball python (D:1)
  13 bats
  3 frilled lizards
  A leopard gecko skeleton (D:8)
  A quokka zombie (D:6)
  4 rats
  A fungus (Lair:6)
  6 plants (D:10)
692 creatures vanquished.

Vanquished Creatures (others)
  2 centaurs
  11 fungi
  20 plants
  5 toadstools (D:1)
38 creatures vanquished.

Grand Total: 730 creatures vanquished

Notes
Turn   | Place    | Note
-------+----------+-------------------------------------------
     0 | D:1      | GordonOverkill the Formicid Fighter began the quest for the Orb.
     0 | D:1      | Reached XP level 1. HP: 18/18 MP: 1/1
   105 | D:1      | Reached XP level 2. HP: 12/24 MP: 2/2
   457 | D:1      | Reached XP level 3. HP: 28/29 MP: 3/3
   650 | D:2      | Reached skill level 3 in Axes
   755 | D:2      | Reached XP level 4. HP: 35/35 MP: 4/4
   823 | D:2      | Found a shattered altar of Ashenzari.
  1150 | D:3      | Noticed Xight's ghost (weakling DEFE)
  1152 | D:3      | Noticed Jessica
  1154 | D:3      | Killed Xight's ghost
  1154 | D:3      | Reached skill level 5 in Shields
  1154 | D:3      | Reached XP level 5. HP: 34/41 MP: 5/5
  1169 | D:3      | Killed Jessica
  1253 | D:3      | Reached skill level 4 in Axes
  1305 | D:3      | Reached XP level 6. HP: 47/47 MP: 6/6
  1331 | D:3      | Found a hide-covered altar of Uskayaw.
  1554 | D:3      | Found a hazy altar of Hepliaklqana.
  1655 | D:3      | Found a deep blue altar of Sif Muna.
  1837 | D:4      | Noticed Purgy
  1876 | D:4      | Killed Purgy
  1876 | D:4      | Reached XP level 7. HP: 38/52 MP: 7/7
  2110 | D:4      | Found a staircase to the Ecumenical Temple.
  2188 | Temple   | Entered the Ecumenical Temple
  2312 | Temple   | Became a worshipper of Warmaster Okawaru
  2400 | D:4      | Reached skill level 5 in Axes
  3511 | D:4      | Reached XP level 8. HP: 58/58 MP: 8/8
  3581 | D:5      | Entered Level 5 of the Dungeon
  3587 | D:5      | Reached skill level 6 in Axes
  3608 | D:5      | Noticed GordonOverkill's ghost (novice FoFi)
  3618 | D:5      | Killed GordonOverkill's ghost
  3618 | D:5      | Reached * piety under Okawaru
  3996 | D:5      | Reached skill level 7 in Axes
  4435 | D:5      | Reached ** piety under Okawaru
  4435 | D:5      | Reached skill level 8 in Axes
  4435 | D:5      | Reached XP level 9. HP: 64/64 MP: 9/9
  4865 | D:6      | Reached skill level 9 in Axes
  4865 | D:6      | Reached skill level 1 in Invocations
  5420 | D:6      | Found an opulent altar of Gozag.
  5453 | D:6      | Found a white marble altar of Elyvilon.
  5453 | D:6      | Found a glowing golden altar of the Shining One.
  5454 | D:6      | Found a glowing silver altar of Zin.
  5756 | D:7      | Reached *** piety under Okawaru
  5922 | D:7      | Found a shadowy altar of Dithmenos.
  5942 | D:7      | Reached skill level 5 in Invocations
  5953 | D:7      | Reached skill level 10 in Axes
  5966 | D:7      | Reached XP level 10. HP: 61/70 MP: 12/14
  6163 | D:7      | Found a runed door.
  6165 | D:7      | Found a runed door.
  6168 | D:7      | Noticed Ijyb
  6196 | D:7      | Killed Ijyb
  6206 | D:7      | Reached **** piety under Okawaru
  6222 | D:7      | Reached skill level 11 in Axes
  6606 | D:7      | Found a runed door.
  6708 | D:7      | Found a large runed door.
  6726 | D:7      | Found a snail-covered altar of Cheibriados.
  6758 | D:7      | Reached ***** piety under Okawaru
  6817 | D:7      | Reached XP level 11. HP: 75/75 MP: 17/17
  6973 | D:7      | Found a runed door.
  7377 | D:7      | Found a runed door.
  7380 | D:7      | Found a runed door.
  7407 | D:7      | Found a large runed door.
  7826 | D:8      | Noticed a white ugly thing
  7839 | D:8      | Killed a white ugly thing
  7850 | D:8      | Reached skill level 10 in Invocations
  7851 | D:8      | Reached skill level 12 in Axes
  8147 | D:8      | Found a bloodstained altar of Trog.
  8837 | D:9      | Got a pearl-encrusted ring mail
  8873 | D:9      | Identified the +5 ring mail of Jarchoty {MR+ Int+2} (You found it on level 9 of the Dungeon)
  8925 | D:9      | Reached skill level 5 in Fighting
  9660 | D:9      | Received a gift from Okawaru
  9880 | D:9      | Found a staircase to the Lair.
 10044 | D:9      | Found a bloodstained altar of Trog.
 10044 | D:9      | Found a basalt altar of Yredelemnul.
 10090 | D:10     | Entered Level 10 of the Dungeon
 10328 | D:10     | Received a gift from Okawaru
 10549 | D:10     | Reached skill level 13 in Axes
 10652 | D:10     | Reached XP level 12. HP: 83/91 MP: 19/19
 11470 | D:11     | Found a flagged portal.
 11471 | D:11     | Noticed a five-headed hydra
 11521 | D:10     | You fall through a shaft for 2 floors!
 11538 | D:11     | Found a staircase to the Orcish Mines.
 11728 | Bailey   | Entered a bailey
 11908 | Bailey   | Received a gift from Okawaru
 13121 | D:12     | Reached skill level 14 in Axes
 13153 | D:12     | Reached skill level 10 in Fighting
 13418 | D:12     | Reached XP level 13. HP: 103/104 MP: 20/20
 13450 | D:12     | Gained mutation: Your flesh is cold resistant. (rC+) [potion of beneficial mutation]
 13868 | D:12     | Noticed a five-headed hydra
 14015 | Lair:1   | Entered Level 1 of the Lair of Beasts
 14142 | Orc:1    | Entered Level 1 of the Orcish Mines
 14540 | Orc:1    | Received a gift from Okawaru
 14599 | Orc:1    | Reached skill level 15 in Axes
 14988 | Orc:1    | Found Wuoshrer's Food Boutique.
 15158 | Orc:1    | Noticed a stone giant
 15229 | Orc:1    | Found a roughly hewn altar of Beogh.
 15425 | Orc:2    | Entered Level 2 of the Orcish Mines
 15569 | Orc:2    | Found a staircase to the Elven Halls.
 15652 | Orc:2    | Gained mutation: You are dopey. (Int -2) [a neqoxec]
 15654 | Orc:2    | Gained mutation: Your body sometimes deteriorates upon taking damage. [a neqoxec]
 15661 | Orc:2    | Killed a stone giant
 16110 | Orc:2    | Noticed an orc warlord
 16132 | Orc:2    | Killed an orc warlord
 16390 | Orc:2    | Noticed Blork the orc
 16405 | Orc:2    | Killed Blork the orc
 16456 | Orc:2    | Found a roughly hewn altar of Beogh.
 16477 | Orc:2    | Reached XP level 14. HP: 107/116 MP: 19/21
 16554 | Orc:2    | Found Polulu's Antique Weapon Boutique.
 16563 | Orc:2    | Found Nymaepru's Jewellery Boutique.
 16600 | Orc:2    | Found Kevy's Antique Armour Boutique.
 16616 | Orc:2    | Found Adiufoz's General Store.
 16640 | Orc:2    | Bought a brightly glowing large shield for 237 gold pieces
 16650 | Orc:2    | Identified the +8 large shield of Defiance {rElec MR- Str+4} (You bought it in a shop on level 2 of the Orcish Mines)
 17271 | Orc:2    | Bought a runed war axe for 351 gold pieces
 17767 | Lair:1   | Reached skill level 16 in Axes
 18427 | Lair:2   | Reached skill level 10 in Shields
 18456 | Lair:2   | Learned a level 2 spell: Repel Missiles
 18778 | Lair:2   | Found a staircase to the Shoals.
 19221 | Lair:3   | Found a staircase to the Snake Pit.
 19271 | Lair:3   | Received a gift from Okawaru
 19478 | Lair:3   | Reached ****** piety under Okawaru
 19662 | Lair:3   | Reached skill level 1 in Evocations
 19879 | Lair:4   | Found a labyrinth entrance.
 19884 | Lair:4   | Got a brightly glowing whip
 19885 | Lair:4   | Identified the +2 whip of Xom {freeze, Str+4 Int+6 Stlth-} (You found it on level 4 of the Lair of Beasts)
 19931 | Lab      | Entered a labyrinth
 20007 | Lab      | Received a gift from Okawaru
 20010 | Lab      | Got a spiked large shield {god gift}
 20021 | Lab      | Identified the +1 large shield "Luneqihe" {rF+ rN+ Int-4} (Okawaru gifted it to you in a labyrinth)
 20219 | Lab      | Identified the Disquisition on Dark Rituals and Flight
 20319 | Lair:1   | Learned a level 3 spell: Regeneration
 21771 | Lair:5   | Found a viscous altar of Jiyva.
 21775 | Lair:5   | Found a staircase to the Slime Pits.
 22448 | Lair:6   | Entered Level 6 of the Lair of Beasts
 22466 | Lair:6   | Reached XP level 15. HP: 115/127 MP: 22/22
 22595 | Lair:6   | Noticed ExaltedOrb's ghost (journeyman DsMo)
 22624 | Lair:6   | Killed ExaltedOrb's ghost
 22624 | Lair:6   | Reached skill level 5 in Evocations
 22910 | Lair:6   | HP: 6/127 [14-headed hydra (1)]
 22917 | Lair:6   | HP: 4/127 [14-headed hydra (7)]
 22917 | Lair:6   | Mangled by a 14-headed hydra

Skill      XL: |  1  2  3  4  5  6  7  8  9 10 11 12 13 14 15 |
---------------+----------------------------------------------+-----
Shields        | 4 5 6 7 9 11 12 | 12.7
Axes           | 3 4 5 8 10 11 13 14 15 16 | 16.0
Invocations    | 5 9 10 | 10.0
Fighting       | 7 10 12 14 | 14.9
Evocations     | 4 5 |  5.0
Armour         | |  3.2

Action                   |  1- 3 |  4- 6 |  7- 9 | 10-12 | 13-15 || total
-------------------------+-------+-------+-------+-------+-------++-------
Melee: War axe           |    70 |   134 |   345 |    46 |   462 ||  1057
       Battleaxe         |       |       |       |   884 |   439 ||  1323
Invok: Heroism           |       |       |       |    21 |    14 ||    35
       Finesse           |       |       |       |     4 |     4 ||     8
 Abil: Dig               |       |     1 |     4 |    19 |    22 ||    46
       Shaft Self        |       |       |       |     1 |       ||     1
Evoke: Wand              |       |       |       |       |    40 ||    40
  Use: Scroll            |       |       |     9 |     9 |    13 ||    31
       Potion            |       |       |     2 |     3 |     2 ||     7
 Stab: Confused          |       |       |       |     1 |       ||     1
       Petrified         |       |       |       |       |     2 ||     2
  Eat: Chunk             |       |     2 |     8 |    22 |    28 ||    60
       Fruit             |       |       |     3 |       |     3 ||     6
       Meat ration       |       |       |     1 |     1 |       ||     2
       Beef jerky        |       |       |       |       |     4 ||     4
       Pizza             |       |       |       |       |     1 ||     1
Armor: Scale mail        |    19 |    16 |       |       |       ||    35
       Chain mail        |       |    57 |    70 |    92 |       ||   219
       Ring mail         |       |       |       |    75 |       ||    75
       Crystal plate arm |       |       |       |    29 |    49 ||    78
       Plate armour      |       |       |       |       |   109 ||   109
Dodge: Dodged            |    19 |    46 |    46 |   183 |    57 ||   351
Block: Shield            |    73 |   133 |   211 |   609 |   201 ||  1227
       Reflection        |     1 |     1 |     3 |    23 |    11 ||    39
       Large shield      |       |       |       |       |   471 ||   471
